 Dungeon Crawl Stone Soup version 0.21-a0-578-gc6e9d75 (webtiles) character file.

67 Lanoc the Skirmisher (level 4, -5/46 HPs)
             Began as an Ogre Gladiator on Dec 18, 2017.
             Killed from afar by an orc wizard (10 damage)
             ... with a puff of flame
             ... on level 3 of the Dungeon.
             The game lasted 00:04:14 (1693 turns).

Lanoc the Skirmisher (Ogre Gladiator)               Turns: 1693, Time: 00:04:14

Health: -5/46      AC:  3    Str: 18    XL:     4   Next: 18%
Magic:  4/4        EV: 10    Int: 10    God:
Gold:   211        SH:  0    Dex: 10    Spells: 3/3 levels left

rFire    . . .     SeeInvis .   a - +0 quarterstaff
rCold    . . .     Gourm    .   (shield currently unavailable)
rNeg     . . .     Faith    .   b - +0 robe
rPois    .         Spirit   .   c - +0 hat
rElec    .         Reflect  .   (no cloak)
rCorr    .         Harm     .   (gloves unavailable)
MR       .....                  (boots unavailable)
Stlth    +.........             (no amulet)
HPRegen  0.15/turn              q - ring of wizardry
MPRegen  0.09/turn              (no ring)

@: no status effects
A: large, unfitting armour, tough skin 1
a: no special abilities


You were on level 3 of the Dungeon.
You were hungry.

You visited 1 branch of the dungeon, and saw 3 of its levels.

You collected 211 gold pieces.

Inventory:

Hand Weapons
 a - a +0 quarterstaff (weapon)
Missiles
 d - 4 throwing nets (quivered)
Armour
 b - a +0 robe (worn)
 c - a +0 hat (worn)
Jewellery
 q - a ring of wizardry (left hand)
Scrolls
 e - a scroll of blinking {unknown}
 g - a scroll of fear {unknown}
 h - 2 scrolls of remove curse {unknown}
 i - a scroll of magic mapping {unknown}
 j - 3 scrolls of identify {unknown}
 k - a scroll of enchant armour {unknown}
 o - 2 scrolls of teleportation {unknown}
 p - 2 scrolls of amnesia {unknown}
Potions
 l - 2 potions of curing {unknown}
 m - a potion of haste {unknown}
 r - 3 potions of invisibility {unknown}
 s - a potion of mutation {unknown}
Comestibles
 f - 6 rations
 n - 4 chunks of flesh


   Skills:
 + Level 3.6 Fighting
 + Level 3.5 Staves
 + Level 2.7 Throwing
 + Level 3.2 Dodging


You had 3 spell levels left.
You didn't know any spells.

Dungeon Overview and Level Annotations

Branches:
Dungeon (3/15)

Altars:


Innate Abilities, Weirdness & Mutations

You are too large for most types of armour.
You have tough skin. (AC +1)


Message History

* * * LOW HITPOINT WARNING * * *
The orc hits you but does no damage.
You hit the orc.
The orc is severely wounded.
The orc misses you.
You hit the orc but do no damage.
The orc is severely wounded.
The orc hits you with a dagger.
* * * LOW HITPOINT WARNING * * *
You closely miss the orc.
The orc is severely wounded.
The orc hits you but does no damage.
You miss something. You closely miss something.
Something hits you but does no damage.
You hit something. Something hits you.
* * * LOW HITPOINT WARNING * * *
You hear some strange, mumbled words.
A puff of flame appears from out of thin air!
The puff of flame hits you!
You die...

#.......# #.##....
#.....(.####.##>#.#
#.......##......#.# #
#.......##......#.###.#
#.......##......#.....#
#......†#####......####
######..# #.#.#.##..
#..#####...#.# .#
#...@{o..###.##.# ##
#..###o.........# #.
#.####..####.#..# ##.
##.##....###....####..
#.....................
..........#.....##(...#..#
....##.###..#.#####...#.##
#### #.##.....# ###<..#
#.#...#### .....


You could see 2 orcs.

Vanquished Creatures
  An adder (D:2)
  An ooze (D:2)
  A dart slug (D:2)
  A leopard gecko (D:1)
  2 orcs (D:3)
  2 ball pythons
  5 giant cockroaches
  3 goblins (D:1)
  7 hobgoblins
  A quokka (D:2)
  5 bats
  5 frilled lizards
  8 kobolds
  9 rats
51 creatures vanquished.

Notes
Turn   | Place    | Note
-------+----------+-------------------------------------------
     0 | D:1      | Lanoc the Ogre Gladiator began the quest for the Orb.
     0 | D:1      | Reached XP level 1. HP: 22/22 MP: 1/1
   105 | D:1      | Reached XP level 2. HP: 30/31 MP: 2/2
   355 | D:1      | Reached XP level 3. HP: 37/37 MP: 3/3
  1241 | D:2      | Reached XP level 4. HP: 45/45 MP: 4/4
  1693 | D:3      | Killed from afar by an orc wizard

Vault maps used:
D:1:      giann_bridges, minmay_misc_feat_cross
D:2:      first_ration

Skill      XL: |  1  2 |
---------------+-------+-----
Fighting       | 3 |  3.6
Dodging        | 3 |  3.2
Staves         | |  3.5
Throwing       | |  2.7

Action                   |  1- 3 |  4- 6 || total
-------------------------+-------+-------++-------
Melee: Quarterstaff      |   100 |    34 ||   134
  Eat: Chunk             |     1 |     1 ||     2
Armor: Robe              |    34 |    11 ||    45
Dodge: Dodged            |    81 |    16 ||    97

Table legend:
 A = Spawn XP
 B = Non-spawn XP
 C = Spawn XP percentage of total XP
 D = Spawn monster count
 E = Non-spawn monster count
 F = Spawn count percentage of total count
 G = Total turns spent on level
                    A         B        C        D         E        F      G
               +---------+---------+-------+---------+---------+-------+---------
         Total |       0 |      97 |   0.0 |       0 |      51 |   0.0 |  1693
               +---------+---------+-------+---------+---------+-------+---------
           D:1 |       0 |      39 |   0.0 |       0 |      25 |   0.0 |   629
           D:2 |       0 |      48 |   0.0 |       0 |      21 |   0.0 |   876
           D:3 |       0 |      10 |   0.0 |       0 |       5 |   0.0 |   188
               +---------+---------+-------+---------+---------+-------+---------
